 Dungeon Crawl Stone Soup version 0.28.0-53-g5a82cb258f (webtiles) character file.

Game seed: 7280653889272104156

1887 Tirrikindir the Ruffian (level 8, -1/79 (83) HPs)
             Began as a Troll Fighter on Aug 12, 2022.
             Was an Elder of Wu Jian.
             Slain by a phantom (6 damage)
             ... on level 7 of the Dungeon.
             The game lasted 00:14:44 (4583 turns).

Tirrikindir the Ruffian (Troll Fighter)             Turns: 4583, Time: 00:14:45

HP:   -1/79 (83)    AC:  5    Str: 27    XL:     8   Next: 92%
MP:   0/7           EV:  9    Int:  4    God:    Wu Jian [****..]
Gold: 311           SH:  8    Dex: 11    Spells: 7/7 levels left

rFire   + . .      SeeInvis .     - Unarmed
rCold   . . .      Faith    .   b - +0 kite shield
rNeg    . . .      Spirit   +   a - +0 robe
rPois   .          Reflect  .   (helmet restricted)
rElec   .          Harm     .   g - +0 cloak
rCorr   .          Rampage  .   (gloves unavailable)
Will    .....                   (boots unavailable)
Stlth   +.........              e - amulet of guardian spirit
HPRegen 1.03/turn               j - ring of protection from fire
MPRegen 0.10/turn               r - ring of flight

@: flying, lightly drained
A: large, unfitting armour, claws 3, regeneration 1, shaggy fur 1, tough skin 1,
sense surroundings 1, strong 1
a: Renounce Religion, Wall Jump, Serpent's Lash


You were on level 7 of the Dungeon.
You worshipped Wu Jian.
Wu Jian was greatly pleased with you.
You visited 2 branches of the dungeon, and saw 8 of its levels.

You collected 326 gold pieces.
You spent 15 gold pieces at shops.

Inventory:

Hand Weapons
 d - a +0 mace
Missiles
 k - 6 boomerangs
 y - 4 large rocks (quivered)
 A - 14 poisoned darts
Armour
 a - a +0 robe (worn)
 b - a +0 kite shield (worn)
 g - a +0 cloak (worn)
Jewellery
 e - an amulet of guardian spirit (around neck)
 j - a ring of protection from fire (left claw)
 l - a ring of protection from cold
 r - a ring of flight (right claw)
 s - a ring of ice
Wands
 t - a wand of flame (3)
 z - a wand of iceblast (6)
Scrolls
 f - 2 scrolls of amnesia
 h - 2 scrolls of immolation
 m - a scroll of enchant weapon
 u - 2 scrolls of teleportation
 w - a scroll of fog
 x - a scroll of summoning {unknown}
Potions
 o - a potion of lignification
 B - a potion of magic {unknown}


   Skills:
 * Level 5.6 Fighting
 + Level 2.7 Throwing
 + Level 4.3 Dodging
 + Level 4.3 Shields
 * Level 6.4 Unarmed Combat
 + Level 2.1 Evocations


You had 7 spell levels left.
You didn't know any spells.
Your spell library contained the following spells:

 Spells                   Type           Power      Damage    Failure   Level
 Gell's Gravitas          Tloc           0%         N/A       98%         3
 Lesser Beckoning         Tloc           0%         N/A       98%         3
 Teleport Other           Tloc           0%         N/A       98%         3


Dungeon Overview and Level Annotations

Branches:
Dungeon (7/15)             Temple (1/1) D:4

Altars:
Ashenzari
Cheibriados
Dithmenos
Elyvilon
Fedhas
Kikubaaqudgha
Makhleb
Nemelex Xobeh
Okawaru
Qazlal
Ru
Trog
Uskayaw
Vehumet
Wu Jian
Xom
Yredelemnul
Zin
The Shining One

Shops:
D:4 *   D:7 (

Portals:
Bailey: D:7


Innate Abilities, Weirdness & Mutations

You are too large for most types of armour.
You have claws for hands.
Your natural rate of healing is unusually fast.
You are covered in fur. (AC +1)
You have tough skin. (AC +1)
You passively map a small area around you.
Your muscles are strong. (Str +2)


Message History

The wight hits you with a +4 falchion.
* * * LOW HITPOINT WARNING * * *
You feel drained.
* * * LOW HITPOINT WARNING * * *
As you read the scroll of teleportation, it crumbles to dust.
You feel strangely unstable. The wight hits you with a +4 falchion.
* * * LOW HITPOINT WARNING * * *
The orc prays for help.
Your surroundings suddenly seem different.
A phantom comes into view.
Found an escape hatch in the floor. 2 goblins come into view.
Found a flagged portal.
The goblin shouts!
You hear a shout!
A goblin comes into view.
Aiming: Iceblast
Press: ? - help, Shift-Dir - straight line The mass of ice explodes!
The iceblast engulfs the phantom.
The phantom partially resists.
The phantom is moderately damaged.
You hear a croak.
The phantom completely misses you.
You claw the phantom!
The phantom is heavily damaged.
The goblin throws a boomerang.
You block the boomerang. The phantom hits you.
* * * LOW HITPOINT WARNING * * *
The phantom blinks!
You blink.
The goblin throws a boomerang.
The boomerang hits you.
* * * LOW HITPOINT WARNING * * *
The goblin throws a boomerang.
You block the boomerang.
The goblin throws a boomerang.
The boomerang hits you.
* * * LOW HITPOINT WARNING * * *
The goblin throws a boomerang.
The boomerang hits you.
* * * LOW HITPOINT WARNING * * *
It was a potion of mutation.
You feel extremely strange.
You feel stronger.
You feel a strange attunement to the structure of the dungeons.
You feel a little less mighty now. The goblin hits you but does no damage.
The phantom hits you.
You die...

#......# * *
#####......# *
#..........# *
#.#..........#
#............#
*#.####.######
* #.#####
#.....###### *
#...W@.....#
#...g≈≈≈≈≈.#
,*
#.##g≈g..≈.# ,
#.##.≈.∩.≈..#
#.##.≈.>.≈..#
,
#.#..≈≈≈≈≈...
, #+
........## ,
.....##### , ,
,


You could see a phantom and 3 goblins.

Vanquished Creatures
  A wyvern (D:5)
  2 sky beasts
  2 ice beasts
  A necrophage (D:6)
  2 ogres
  A kobold brigand (D:6)
  A gnoll sergeant (D:6)
  A wyvern skeleton (D:6)
  2 wights (D:7)
  An electric eel (D:6)
  3 orc priests
  A bullfrog skeleton (D:6)
  3 hounds
  3 jellies
  Natasha (thrice) (D:3)
  4 iguanas
  2 scorpion zombies
  An orc wizard (D:3)
  A killer bee zombie (D:7)
  A hound zombie (D:3)
  A howler monkey skeleton (D:6)
  6 adders
  6 gnolls
  A shadow imp (D:5)
  A white imp (D:5)
  6 worms
  2 dart slugs
  10 orcs
  7 ball pythons
  7 bats
  3 endoplasms
  6 giant cockroaches
  5 goblins
  11 hobgoblins
  4 jackals (D:4)
  8 kobolds
  6 quokkas
  8 frilled lizards
  5 rats
139 creatures vanquished.

Notes
Turn   | Place    | Note
-------+----------+-------------------------------------------
     0 | D:1      | Tirrikindir the Troll Fighter began the quest for the Orb.
     0 | D:1      | Reached XP level 1. HP: 22/22 MP: 0/0
    81 | D:1      | Reached XP level 2. HP: 28/29 MP: 1/1
   269 | D:1      | Reached XP level 3. HP: 36/36 MP: 2/2
   398 | D:1      | Found a faded altar of an unknown god.
   406 | D:1      | Prayed at the altar of an unknown god.
   406 | D:1      | Became a worshipper of the Wu Jian Council
   406 | D:1      | Reached * piety under Wu Jian
   887 | D:2      | Reached skill level 3 in Unarmed Combat
   887 | D:2      | Reached XP level 4. HP: 37/45 MP: 1/3
  1464 | D:3      | Found a shadowy altar of Dithmenos.
  1467 | D:3      | Reached ** piety under Wu Jian
  1566 | D:3      | Reached XP level 5. HP: 53/53 MP: 4/4
  1626 | D:3      | Found a white marble altar of Elyvilon.
  1681 | D:3      | Found a bloodstained altar of Trog.
  1685 | D:3      | Found a blossoming altar of Fedhas.
  1685 | D:3      | Found a glowing silver altar of Zin.
  1686 | D:3      | Found a burning altar of Makhleb.
  1687 | D:3      | Found a glowing golden altar of the Shining One.
  1690 | D:3      | Found a hide-covered altar of Uskayaw.
  2011 | D:3      | Noticed Natasha
  2015 | D:3      | Killed Natasha
  2102 | D:3      | Found a basalt altar of Yredelemnul.
  2285 | D:3      | Noticed Natasha
  2294 | D:3      | Killed Natasha
  2295 | D:3      | Reached skill level 4 in Unarmed Combat
  2295 | D:3      | Reached XP level 6. HP: 59/62 MP: 3/5
  2528 | D:3      | Noticed Natasha
  2534 | D:3      | Killed Natasha
  2573 | D:4      | Found Moacex's CLEARANCE SALE!.
  2630 | D:4      | Bought a potion of curing for 15 gold pieces
  2743 | D:4      | Found a staircase to the Ecumenical Temple.
  2749 | Temple   | Entered the Ecumenical Temple
  2997 | D:5      | Entered Level 5 of the Dungeon
  3159 | D:5      | Noticed a wyvern
  3167 | D:5      | Killed a wyvern
  3167 | D:5      | Reached *** piety under Wu Jian
  3168 | D:5      | Reached skill level 1 in Throwing
  3168 | D:5      | Reached XP level 7. HP: 71/71 MP: 6/6
  3198 | D:5      | Reached skill level 1 in Evocations
  3225 | D:5      | Reached skill level 5 in Unarmed Combat
  3313 | D:5      | Found an iron altar of Okawaru.
  3596 | D:6      | Reached XP level 8. HP: 78/79 MP: 7/7
  3694 | D:6      | Reached skill level 5 in Fighting
  3930 | D:6      | Reached skill level 6 in Unarmed Combat
  4519 | D:7      | Found Qerghaigo's Antique Weapon Emporium.
  4533 | D:7      | Reached **** piety under Wu Jian
  4568 | D:7      | HP: 3/79 [wight/+4 falchion (3)]
  4577 | D:7      | Found a flagged portal.
  4583 | D:7      | Gained mutation: Your muscles are strong. (Str +2) [potion
                  | of mutation]
  4583 | D:7      | Gained mutation: You passively map a small area around you.
                  | [potion of mutation]
  4583 | D:7      | Slain by a phantom

Illustrated notes

Levels and vault maps discovered:
D:1:      zelgadis_glass_arrival_small, layout_basic,
          shapermc_ecumenical_altar_venn, minmay_tetromino_s2
D:2:      layout_basic, st_stairs_10
D:3:      layout_loops_ring, lemuel_crystal_altar, minitemple,
          mainiacjoe_overflow_24_doors, lemuel_zombie_altar_yredelemnul,
          nrook_uturn, chequers_arboretum, nicolae_wormholes, uniq_natasha
D:4:      layout_rooms, minmay_temple_entry_hall, grunt_decor_one_mirror,
          nicolae_shop_clearance
D:5:      layout_rooms, mainiacjoe_overflow_tiny_flanked,
          minmay_misc_feat_secret_circle, patterned_corridor
D:6:      layout_cave_pods, nicolae_water_bricks, minmay_liquid_box
D:7:      layout_basic, lemuel_crystal_altar, marbit_many_paths, serial_shops,
          shop, gammafunk_ghost_berserking_beasts, enter_bailey_5, minivault_24
Temple:   dpeg_three_leaves_temple

Skill      XL: |  1  2  3  4  5  6  7  8 |
---------------+-------------------------+-----
Fighting       | 3 4 5 |  5.6
Unarmed Combat | 3 4 5 6 |  6.4
Shields        | 3 4 |  4.3
Dodging        | 3 4 |  4.3
Throwing       | 1 2 |  2.7
Evocations     | 1 2 |  2.1

Action                   |  1- 3 |  4- 6 |  7- 9 || total
-------------------------+-------+-------+-------++-------
Melee: Unarmed           |    95 |   203 |   136 ||   434
Throw: Boomerang         |       |     2 |       ||     2
       Large rock        |       |     1 |       ||     1
Invok: Whirlwind         |     4 |    14 |     7 ||    25
       Lunge             |     2 |    16 |    13 ||    31
Evoke: Wand              |       |       |     1 ||     1
  Use: Scroll            |     3 |     4 |     5 ||    12
       Potion            |       |       |     6 ||     6
 Stab: Sleeping          |       |     1 |     1 ||     2
Armor: Robe              |    30 |    49 |    27 ||   106
Dodge: Dodged            |    35 |    73 |    39 ||   147
Block: Kite shield       |    34 |    67 |    58 ||   159
